[Event "MČR juniorů a juniorek v rapid šachu 2024"]
[Site "Hotel Fit Fun, Harrachov, Czech Republic"]
[Date "2024.09.21"]
[Round "3.10"]
[White "Bezdek Tomas"]
[Black "Rybacek Martin"]
[Result "1/2-1/2"]
[TimeControl "20+5"]
[WhiteFideId "23733551"]
[BlackFideId "23739266"]
[WhiteElo "1973"]
[BlackElo "1831"]

1. Nf3 c5 2. g3 Nc6 3. Bg2 g6 4. O-O Bg7 5. c3 d5 6.
d4 cxd4 7. cxd4 Nf6 8. Bf4 Qb6 9. Nc3 O-O 10. Na4 Qa5 11. a3 Ne4 12. b4 Qd8 13. Rc1 Bg4 14. b5 Nb8 15. Ne5 Bf5 16.
Qb3 g5 17. Be3 h6 18. f3 Nf6 19. Nc5 Qb6 20. Bf2 Nbd7 21. e4 dxe4 22. fxe4 Nxc5 23. dxc5 Qe6 24. Qxe6 Bxe6 25. c6 bxc6 26. Nxc6 Ng4 27. Bc5 Kh7 28.
Bxe7 Rfc8 29. h3 Ne3 30. Rfe1 Nxg2 31. Kxg2 Rc7 32. a4 Rd7 33. Red1 Re8 34. Rxd7 Bxd7 35. Bc5 Rxe4 36. Bxa7 Rxa4 37. Bf2 Ra2 38.
Rd1 Bxc6+ 39. bxc6 Rc2 40. Rd7 Rxc6 41. Rxf7 Kg6 1/2-1/2



[ePGN "0.1;DGT LiveChess/2.2.6"]

[Event "MČR juniorů a juniorek v rapid šachu 2024"]
[Site "Hotel Fit Fun, Harrachov, Czech Republic"]
[Date "2024.09.21"]
[Round "3.11"]
[White "Stocek Martin"]
[Black "Stastna Martina"]
[Result "1/2-1/2"]
[TimeControl "20+5"]
[WhiteFideId "380121"]
[BlackFideId "385123"]
[WhiteElo "2021"]
[BlackElo "1801"]

1. d4 d5 2. c4 e6 3. Nc3 Nf6 4. Nf3 Nbd7 5. Bg5 Be7 6. e3 c6 7. a3 O-O 8. Bd3 dxc4 9. Bxc4 Qc7 10.
Bf4 Bd6 11. Bxd6 Qxd6 12. O-O a6 13. e4 Qc7 14. Rc1 e5 15. d5 cxd5 16. Nxd5 Qd8 17. Re1 b5 18. Ba2 Bb7 19. Nxf6+ Nxf6 20.
Qxd8 Raxd8 21. Nxe5 Bxe4 22. Rc7 Bd5 23. Bxd5 Rxd5 24. Ra7 Rd6 25. h3 h6 26. Rc1 Re6 27. Nd3 Rd8 28. Nc5 Rc8 29. b4 Ne4 30. Rd1 Nxc5 31.
bxc5 Rxc5 32. Rd8+ Kh7 33. Rxf7 Rc3 34. Rdd7 Rg6 1/2-1/2



[ePGN "0.1;DGT LiveChess/2.2.6"]

[Event "MČR juniorů a juniorek v rapid šachu 2024"]
[Site "Hotel Fit Fun, Harrachov, Czech Republic"]
[Date "2024.09.21"]
[Round "3.12"]
[White "Jun Rudolf"]
[Black "Sknouril Jakub"]
[Result "1-0"]
[TimeControl "20+5"]
[WhiteFideId "376612"]
[BlackFideId "23731133"]
[WhiteElo "2142"]
[BlackElo "1806"]

1. e4 e5 2. Nf3 Nf6 3. Nc3 Bb4 4. d3 d5 5. exd5 Nxd5 6. Bd2 O-O 7. Nxd5 Bxd2+ 8.
Nxd2 Qxd5 9. Qf3 Be6 10. Qxd5 Bxd5 11. O-O-O Re8 12. Ne4 Rf8 1-0



[ePGN "0.1;DGT LiveChess/2.2.6"]

[Event "MČR juniorů a juniorek v rapid šachu 2024"]
[Site "Hotel Fit Fun, Harrachov, Czech Republic"]
[Date "2024.09.21"]
[Round "3.13"]
[White "Juhanak Daniel"]
[Black "Stara Zuzana"]
[Result "1-0"]
[TimeControl "20+5"]
[WhiteFideId "23718765"]
[BlackFideId "23733543"]
[WhiteElo "1982"]
[BlackElo "1796"]

1. Nf3 d5 2. c4 e6 3. g3 Nf6 4. Bg2 c6 5. d4 Bd6 6. O-O O-O 7. Nc3 Nbd7 8. Nd2 Bc7 9. e4 dxe4 10. Ndxe4 Nxe4 11. Nxe4 h6 12. b3 f5 13. Nc3 Nf6 14. Ba3 Re8 15. Re1 a6 16. d5 cxd5 17. cxd5 e5 18.
d6 Bb6 19. Nd5 Bd4 20. Nxf6+ Qxf6 21. Qxd4 exd4 22. Rxe8+ Kh7 23. d7 Bxd7 24. Rxa8 d3 25. Rd1 d2 26. Bb4 Qb2 27. Rd8 Qc1 28. Bf3 Bc6 29. R8xd2 1-0



[ePGN "0.1;DGT LiveChess/2.2.6"]

[Event "MČR juniorů a juniorek v rapid šachu 2024"]
[Site "Hotel Fit Fun, Harrachov, Czech Republic"]
[Date "2024.09.21"]
[Round "3.14"]
[White "Slaby Matej"]
[Black "Hrazdira Matyas Josef"]
[Result "1-0"]
[TimeControl "20+5"]
[WhiteFideId "23734876"]
[BlackFideId "23732954"]
[WhiteElo "1948"]
[BlackElo "1786"]

1. e4 e6 2. d4 d5 3. e5 c5 4. c3 Nc6 5. Nf3 Bd7 6. a3 c4 7. Be2 Nge7 8. Bf4 b5 9. Nbd2 a5 10.
Nf1 Ng6 11. Bg5 Qb6 12. h4 h6 13. Be3 Ra7 14. h5 Nge7 15. g4 b4 16. axb4 axb4 17. Rxa7 Qxa7 18. N3d2 Nc8 19. f4 Nb6 20.
Qc1 Qa2 21. Bd1 Na5 22. Rh2 Ba4 23. b3 Qa3 24. Qxa3 bxa3 25. Nxc4 dxc4 26. bxa4 Nd5 27. Rc2 Kd7 28. Bd2 Be7 29.
Ra2 Nb3 30. Be2 Rc8 31. Ne3 Nxf4 32. Bxc4 Nxd2 33. Kxd2 Bg5 34. Kc2 Nh3 35. Bb5+ Ke7 36. Nc4 Nf4 37. a5 Nd5 38. a6 Nc7 39. Nxa3 Nxb5 40. Nxb5 Ra8 41. a7 Kd7 42. Ra6 Bd8 43. Kd3 Kc8 44. Nd6+ Kd7 45.
Nxf7 Be7 46. c4 Ke8 47. Nd6+ Kd7 48. d5 exd5 49. cxd5 Kc7 50. Rc6+ Kd7 51. e6+ Kd8 52. Rc8+ Rxc8 53. Nxc8 1-0



[ePGN "0.1;DGT LiveChess/2.2.6"]

[Event "MČR juniorů a juniorek v rapid šachu 2024"]
[Site "Hotel Fit Fun, Harrachov, Czech Republic"]
[Date "2024.09.21"]
[Round "3.15"]
[White "Sulcova Tereza Radmila"]
[Black "Garabik Marek"]
[Result "1/2-1/2"]
[TimeControl "20+5"]
[WhiteFideId "395196"]
[BlackFideId "23717742"]
[WhiteElo "1800"]
[BlackElo "1933"]

1. e4 e6 2. b3 d5 3. Bb2 Nf6 4. exd5 exd5 5. Nf3 Bd6 6.
Bd3 Qe7+ 7. Qe2 Qxe2+ 8. Bxe2 Nbd7 9. O-O O-O 10. d4 Re8 11. Bd3 Nf8 12. c4 c6 13. Nc3 Bg4 14. Nh4 Bc7 15.
cxd5 Nxd5 16. Nxd5 cxd5 17. Rac1 Bb6 18. Rfe1 a6 19. h3 Bh5 20. g4 Bg6 21. Bf5 Bxf5 22. Nxf5 Rxe1+ 23. Rxe1 Ne6 24. Ne7+ Kf8 25. Nxd5 Bxd4 1/2-1/2



[ePGN "0.1;DGT LiveChess/2.2.6"]

[Event "MČR juniorů a juniorek v rapid šachu 2024"]
[Site "Hotel Fit Fun, Harrachov, Czech Republic"]
[Date "2024.09.21"]
[Round "3.16"]
[White "Sichrovsky Tomas"]
[Black "Boff Vojtech"]
[Result "1-0"]
[TimeControl "20+5"]
[WhiteFideId "23704730"]
[BlackFideId "23733969"]
[WhiteElo "1928"]
[BlackElo "1719"]

1. d4 Nf6 2. c4 e6 3. Nc3 Bb4 4. e3 O-O 5.
Bd3 d5 6. cxd5 Nxd5 7. Nge2 Nxc3 8.
bxc3 Be7 9. O-O c5 10. Bb2 cxd4 11. cxd4 Nd7 12. Be4 Nf6 13. Bf3 Bd7 14. Qb3 Rb8 15. Rfc1 Bc6 16. Bxc6 bxc6 17. Qc2 Qd7 18. Nf4 Rfc8 19. Nd3 Qd5 20. Rab1 a5 21.
Bc3 h6 22. Be1 Rxb1 23. Qxb1 Qd8 24. Qb7 Rc7 25. Qb6 Rc8 26. Bxa5 Qd5 27. Bb4 c5 28. Bxc5 Bxc5 29. Rxc5 Rxc5 30.
Qxc5 Qxa2 31. Qc8+ Kh7 32. Qc1 Ne4 33. h3 Qe2 34. Qf1 Qd2 35. Nf4 g5 36. Nd3 Kg7 37. Ne5 f6 38. Nf3 Qc2 39.
Qe1 Qa2 40. Nh2 Qc2 41. Nf1 f5 42. f3 Nc3 43. Qd2 Qb3 44. Kh2 Nd5 45. Qc1 Qb8+ 46. Kg1 Qb3 47. Qd2 Kf6 48. e4 fxe4 49.
fxe4 Nf4 50. Qf2 Kg6 51. Ng3 Qd1+ 52. Kh2 Nd3 53. Qe3 Qc2 54. e5 Nf4 55. Qf3 Qd2 56. Qe4+ Kg7 57. Qb7+ Kg6 58.
Qb1+ Kg7 59. Qe4 Qf2 60. h4 gxh4 61.
Qb7+ Kg6 62. Qe4+ Kf7 63. Qh7+ Ke8 64. Qh8+ Kd7 65. Qg7+ Kc6 66. Ne4 Qxd4 67. Nf6 Qxe5 68. Qd7+ Kc5 69. Qa7+ Kc4 70. Qa4+ Kd3 71.
Qd1+ Kc4 72. Qa4+ Kd3 73. Ng4 Qe4 74. Nf2+ 1-0



[ePGN "0.1;DGT LiveChess/2.2.6"]

[Event "MČR juniorů a juniorek v rapid šachu 2024"]
[Site "Hotel Fit Fun, Harrachov, Czech Republic"]
[Date "2024.09.21"]
[Round "3.17"]
[White "Andrle Filip"]
[Black "Stejskal Michal"]
[Result "0-1"]
[TimeControl "20+5"]
[WhiteFideId "23718749"]
[BlackFideId "398195"]
[WhiteElo "1789"]
[BlackElo "1926"]

1. e4 e5 2. Nf3 Nc6 3.
Bc4 f5 4. d3 Nf6 5. Nc3 Bc5 6. O-O d6 7. a3 f4 8. Ng5 Ng4 9. Ne6 Qh4 10. h3 Bxe6 11. Bxe6 Nxf2 12. Rxf2 Qxf2+ 13. Kh1 Nd4 0-1



[ePGN "0.1;DGT LiveChess/2.2.6"]

[Event "MČR juniorů a juniorek v rapid šachu 2024"]
[Site "Hotel Fit Fun, Harrachov, Czech Republic"]
[Date "2024.09.21"]
[Round "3.18"]
[White "Nagyova Daniela"]
[Black "Zadrapova Amalie"]
[Result "0-1"]
[TimeControl "20+5"]
[WhiteFideId "390070"]
[BlackFideId "23710276"]
[WhiteElo "1787"]
[BlackElo "1891"]

1. e4 c5 2. Nf3 d6 3. d4 cxd4 4.
Nxd4 Nf6 5. Nc3 a6 6. Be2 e5 7. Nb3 Be7 8. O-O O-O 9. Be3 Be6 10. a4 b6 11. a5 b5 12. Qd2 Nbd7 13.
f3 Rc8 14. Nc1 Qc7 15. Nd3 d5 16. exd5 Nxd5 17. Nxd5 Bxd5 18. c3 Bc4 19. Nf2 Be6 20. Ne4 h6 21. Rfd1 Rfd8 22. Qe1 f5 23.
Nd2 Bc5 24. Bxc5 Nxc5 25. c4 b4 26. Nf1 Rxd1 27. Qxd1 Rd8 28. Qc2 e4 29. fxe4 Nxe4 30. c5 b3 31. Qc1 Qe5 32. Ne3 Nxc5 33.
Bc4 Re8 34. Bxe6+ Rxe6 35. Nc4 Qd4+ 36. Kh1 Nd3 37. Qd1 Nf2+ 0-1



[ePGN "0.1;DGT LiveChess/2.2.6"]

[Event "MČR juniorů a juniorek v rapid šachu 2024"]
[Site "Hotel Fit Fun, Harrachov, Czech Republic"]
[Date "2024.09.21"]
[Round "3.19"]
[White "Budil Vaclav"]
[Black "Koranda Kosma"]
[Result "0-1"]
[TimeControl "20+5"]
[WhiteFideId "23776226"]
[BlackFideId "23772948"]
[WhiteElo "1697"]
[BlackElo "1884"]

1. e4 e5 2. Nc3 Nf6 3. f4 d5 4. fxe5 Nxe4 5. Qf3 f5 6. d3 Nxc3 7. bxc3 d4 8. Qg3 Nc6 9. Be2 Be6 10. Nf3 Qd7 11. O-O Bc5 12.
Kh1 dxc3 13. Ng5 O-O-O 14. Nxe6 Qxe6 15. Rxf5 Nd4 16. Rf2 h5 17. Bf3 Nf5 18. Bxb7+ Kb8 19. Rxf5 Qxf5 20. Bf3 g5 21.
Rb1+ Bb6 22. Qxg5 Qxg5 23. Bxg5 Rde8 24. Bf6 Rh6 25. Rb3 Rxf6 26. Rxc3 Rxe5 27. h3 Re1+ 28. Kh2 Rg6 29. Bxh5 Bg1+ 30. Kh1 Bf2+ 31. Kh2 Bg3# 0-1



[ePGN "0.1;DGT LiveChess/2.2.6"]

[Event "MČR juniorů a juniorek v rapid šachu 2024"]
[Site "Hotel Fit Fun, Harrachov, Czech Republic"]
[Date "2024.09.21"]
[Round "3.2"]
[White "Steinbauer Sebastian"]
[Black "Pejrimovsky Tadeas Rubel"]
[Result "1-0"]
[TimeControl "20+5"]
[WhiteFideId "399272"]
[BlackFideId "23709537"]
[WhiteElo "2062"]
[BlackElo "1895"]

1. e4 c5 2. d4 cxd4 3. c3 d3 4. Bxd3 d6 5. Nf3 Nf6 6. O-O e6 7. Bg5 Be7 8. Qe2 a6 9. Rd1 Qc7 10. e5 dxe5 11. Nxe5 Nc6 12. Nxc6 Qxc6 13. Nd2 h6 14. Bh4 g5 15.
Bg3 Bd7 16. Nc4 Qc8 17. Nb6 Qd8 18. Nxa8 Qxa8 19. Be5 Bc6 20. Bxf6 Bxf6 21. Be4 Bxe4 22. Qxe4 O-O 23. Rd7 Rd8 24.
Rad1 Rxd7 25. Rxd7 Qc8 26. Qxb7 Qc5 27. Qb8+ Kg7 28. Qe8 Qf8 29. Qxf8+ Kxf8 30. Ra7 1-0



[ePGN "0.1;DGT LiveChess/2.2.6"]

[Event "MČR juniorů a juniorek v rapid šachu 2024"]
[Site "Hotel Fit Fun, Harrachov, Czech Republic"]
[Date "2024.09.21"]
[Round "3.20"]
[White "Pejrimovska Viola Ruby"]
[Black "Pes Matej"]
[Result "1-0"]
[TimeControl "20+5"]
[WhiteFideId "23709529"]
[BlackFideId "23766816"]
[WhiteElo "1876"]
[BlackElo "1697"]

1. e4 c5 2. b4 cxb4 3. a3 d5 4. exd5 Nf6 5. axb4 Nxd5 6. c3 e5 7. Nf3 Bg4 8. Be2 Bd6 9. O-O Nf4 10.
d4 e4 11. Bxf4 Bxf4 12. Ne5 Bxe2 13. Qxe2 f5 14. Qh5+ Ke7 15. Qf7+ Kd6 16. Nc4+ Kc6 17. Na5+ 1-0



[ePGN "0.1;DGT LiveChess/2.2.6"]

[Event "MČR juniorů a juniorek v rapid šachu 2024"]
[Site "Hotel Fit Fun, Harrachov, Czech Republic"]
[Date "2024.09.21"]
[Round "3.21"]
[White "Housa Vojtech"]
[Black "Siles Jan"]
[Result "1-0"]
[TimeControl "20+5"]
[WhiteFideId "23736364"]
[BlackFideId "23715405"]
[WhiteElo "1691"]
[BlackElo "1873"]

1. e4 c5 2. c3 d5 3. exd5 Qxd5 4.
Nf3 Nf6 5. Na3 Bg4 6. Be2 a6 7.
O-O Nc6 8. Nc2 Qd7 9. d4 e6 10. Bf4 Bd6 11. Bxd6 Qxd6 12. dxc5 Qxc5 13. Ne3 Bxf3 14. Bxf3 O-O 15. Qb3 Rab8 16.
Rad1 Ne5 17. Be2 b5 18. Nc2 Rfd8 19. Nd4 Nd5 20. a3 Nf4 21. Rfe1 Rd7 22. g3 Nh3+ 23. Kg2 Ng5 24. f4 Rxd4 25.
cxd4 Qc6+ 26. d5 exd5 27. Qxd5 Qxd5+ 28. Rxd5 Nc4 29. Bxc4 bxc4 30. Rxg5 Rxb2+ 31. Kg1 h6 32. Rc5 Rb3 33.
a4 1-0



[ePGN "0.1;DGT LiveChess/2.2.6"]

[Event "MČR juniorů a juniorek v rapid šachu 2024"]
[Site "Hotel Fit Fun, Harrachov, Czech Republic"]
[Date "2024.09.21"]
[Round "3.22"]
[White "Stary Simon"]
[Black "Marxova Sarka"]
[Result "1-0"]
[TimeControl "20+5"]
[WhiteFideId "23734353"]
[BlackFideId "23701862"]
[WhiteElo "1866"]
[BlackElo "1684"]

1. e4 c5 2. Nf3 d6 3. d4 cxd4 4. Nxd4 Nf6 5. Nc3 a6 6. h3 Nc6 7. g4 e6 8. g5 Nd7 9. Be3 Be7 10. h4 Rb8 11. Qd2 Nde5 12.
Be2 Qc7 13. f4 Nd7 14. O-O-O b5 15. f5 Nxd4 16. Bxd4 e5 17. Nd5 Qc6 18. Be3 Nc5 19. Bf3 a5 20. Qxa5 Bd8 21. Qd2 Ra8 22.
Nb4 Nb3+ 23. Kb1 Nxd2+ 24. Rxd2 Qc4 25. a3 Ba5 26. c3 Bxb4 27. cxb4 Qc7 28. Rc1 Qe7 29. Bb6 O-O 30. Bc7 Rd8 31. Bxd8 Qxd8 32. Rc6 Ra6 33.
Rdxd6 Qe8 34. Rxa6 Bxa6 35. Rxa6 Qc8 36. Rb6 Qe8 37. Be2 f6 38. Bxb5 Qd8 39. Bc4+ Kf8 40. Re6 fxg5 41. hxg5 Qxg5 42. b5 Qg1+ 43.
Ka2 Qc5 44. Rc6 Qa7 45. b6 Qb8 46. Bd5 g5 47. fxg6 hxg6 48. b7 Kg7 49. Rc8 Qd6 50. b8=Q Qf6 51. Rg8+ Kh6 52. Qb3 Qh4 53.
Rh8+ 1-0



[ePGN "0.1;DGT LiveChess/2.2.6"]

[Event "MČR juniorů a juniorek v rapid šachu 2024"]
[Site "Hotel Fit Fun, Harrachov, Czech Republic"]
[Date "2024.09.21"]
[Round "3.23"]
[White "Krizan Jakub"]
[Black "Martinkovic Adam"]
[Result "0-1"]
[TimeControl "20+5"]
[WhiteFideId "23717017"]
[BlackFideId "23728019"]
[WhiteElo "1000"]
[BlackElo "1841"]

1. e4 c6 2. d4 d5 3. exd5 cxd5 4. Nf3 Nf6 5. Bb5+ Bd7 6. Qe2 Nc6 7. Bg5 Ne4 8. Bh4 a6 9. Bd3 Bg4 10. c3 Nf6 11. O-O e6 12.
Nbd2 Be7 13. Qe3 b5 14. Ng5 h6 15. Ngf3 Bxf3 16. Nxf3 Rc8 17. a4 Qb6 18. Qe2 Rb8 19. Bg3 Rb7 20.
axb5 axb5 21. Ra8+ Nd8 22. Rfa1 Ne4 23. Bxe4 dxe4 24. R1a6 exf3 25. Qxf3 O-O 26. Rxb6 Rxb6 27. Qg4 Nc6 28.
Ra1 Bf6 29. Bd6 Rc8 30. Bc5 Rb7 31. f4 b4 32. d5 Ne7 33. Bxb4 Nxd5 34. Qf3 Rbb8 35. Bd6 Ra8 36. Rxa8 Rxa8 37. f5 Ra1+ 38. Kf2 Rb1 39. fxe6 Rxb2+ 40. Kg3 fxe6 41. c4 Ne7 42. Qa8+ Kh7 43. Qe4+ Nf5+ 44. Kf3 Rb3+ 45. Kf2 Rb2+ 46. Kf3 Rb3+ 47. Kf2 Bd4+ 48. Ke2 Rb2+ 49. Kf3 Rf2+ 50. Kg4 Rxg2+ 51. Kh3 Rc2 52. Qxe6 Nxd6 53. Qxd6 Rc3+ 54. Kg4 Bf6 55. c5 Rc4+ 56. Kf3 Rc3+ 57. Ke4 Rc4+ 58. Kd5 Rd4+ 0-1



[ePGN "0.1;DGT LiveChess/2.2.6"]

[Event "MČR juniorů a juniorek v rapid šachu 2024"]
[Site "Hotel Fit Fun, Harrachov, Czech Republic"]
[Date "2024.09.21"]
[Round "3.24"]
[White "Urbansky Stepan"]
[Black "Vyslysel Petr"]
[Result "0-1"]
[TimeControl "20+5"]
[WhiteFideId "23761741"]
[BlackFideId "23730277"]
[WhiteElo "1837"]
[BlackElo "1678"]

1. e4 e6 2. d4 d5 3. Nd2 dxe4 4. Nxe4 Nd7 5. g3 Ngf6 6. Nxf6+ Nxf6 7. Bg2 c5 8. Ne2 cxd4 9. Qxd4 Be7 10.
O-O O-O 11. a4 Nd7 12. Rd1 Qc7 13. Qc3 Qxc3 14. Nxc3 Nc5 15. a5 a6 16. Bf4 Rd8 17. Bc7 Rxd1+ 18. Rxd1 Kf8 19. Ne4 Nd7 20.
Nd6 Nf6 21. Nxb7 Bxb7 22. Bxb7 Ra7 23.
Bxa6 Rxc7 24. c3 Ra7 25. Bf1 Rxa5 26. b4 Ra3 27. Rc1 Nd5 28. c4 Nxb4 29. c5 Nc6 30. Bb5 Na7 31. Bd7 Bd8 32. c6 Nb5 33. Rb1 Nc7 34.
Kg2 Ke7 35. Rb4 Nd5 36. Rb7 Bc7 0-1



[ePGN "0.1;DGT LiveChess/2.2.6"]

[Event "MČR juniorů a juniorek v rapid šachu 2024"]
[Site "Hotel Fit Fun, Harrachov, Czech Republic"]
[Date "2024.09.21"]
[Round "3.25"]
[White "Dobsa Emma"]
[Black "Hyam Robin"]
[Result "1-0"]
[TimeControl "20+5"]
[WhiteFideId "23709391"]
[BlackFideId "23773413"]
[WhiteElo "1830"]
[BlackElo "1571"]

1. e4 c5 2. Nf3 d6 3. d4 cxd4 4. Nxd4 Nf6 5. Nc3 g6 6.
Be3 Bg7 7. f3 O-O 8. Qd2 Nc6 9. O-O-O d5 10. exd5 Nxd5 11. Nxc6 bxc6 12. Bd4 Qa5 13. Bxg7 Kxg7 14. Nxd5 Qxd2+ 15. Rxd2 cxd5 16. Rxd5 Be6 17. Rd2 Rac8 18. b3 a5 19. Bd3 a4 20. Kb2 Rfd8 21. Rhd1 Rd6 22. Be4 Rb6 23. Rd4 axb3 24.
cxb3 f5 25. Bd5 Rd8 26. Bxe6 Rxd4 27. Rxd4 Rxe6 28. Rd2 Kf6 29.
a4 g5 30. Ka3 h5 31. a5 g4 32. f4 Ra6 33. Ka4 e5 34. fxe5+ Kxe5 35. Kb5 Ra8 36. b4 f4 37. a6 Ke4 38.
Kb6 Rb8+ 39. Ka5 Ra8 40. b5 Ke3 41. Ra2 f3 42. gxf3 gxf3 43. b6 f2 44. Ra1 Rf8 45. a7 f1=Q 46.
Rxf1 Rxf1 47. b7 Ra1+ 48. Kb6 Kf2 49. a8=Q 1-0



[ePGN "0.1;DGT LiveChess/2.2.6"]

[Event "MČR juniorů a juniorek v rapid šachu 2024"]
[Site "Hotel Fit Fun, Harrachov, Czech Republic"]
[Date "2024.09.21"]
[Round "3.26"]
[White "Nespurek Jakub"]
[Black "Lebeda Frantisek Jiri"]
[Result "1-0"]
[TimeControl "20+5"]
[WhiteFideId "391816"]
[WhiteElo "1817"]
[BlackElo "1000"]

1. e4 c5 2. c3 Nc6 3. d4 cxd4 4.
cxd4 d5 5. e5 Bf5 6. Bd3 Bxd3 7. Qxd3 e6 8. f4 Bb4+ 9. Nc3 Nge7 10. Nf3 O-O 11. Bd2 a5 12. g4 Qd7 13. Ng5 g6 14.
Qh3 1-0



[ePGN "0.1;DGT LiveChess/2.2.6"]

[Event "MČR juniorů a juniorek v rapid šachu 2024"]
[Site "Hotel Fit Fun, Harrachov, Czech Republic"]
[Date "2024.09.21"]
[Round "3.27"]
[White "Vondra Filip"]
[Black "Sadil Antonin"]
[Result "0-1"]
[TimeControl "20+5"]
[WhiteFideId "23725176"]
[BlackFideId "23735597"]
[WhiteElo "1598"]
[BlackElo "1784"]

1. e4 c5 2. Nf3 d6 3. c4 e5 4. d3 Nc6 5. Nc3 Nf6 6. Bg5 Be7 7. Be2 Bg4 8. O-O O-O 9. Nd5 Nxd5 10. cxd5 Bxg5 11. dxc6 bxc6 12. Nxg5 Bxe2 13. Nxf7 Bxd1 14. Nxd8 Be2 15. Rfe1 Bxd3 16.
Nxc6 Rf6 17. Rad1 Bc4 18. b3 Bf7 19. f3 a5 20. Rd3 Kf8 21. Red1 Be8 22. Nxa5 Rxa5 23. Rxd6 Rxd6 24. Rxd6 Ke7 25. Rd5 Ke6 26. b4 Rxa2 27.
bxc5 Ra6 28. Kf2 Rc6 29. Ke3 Bf7 30. f4 exf4+ 31. Kxf4 g6 32. Kg5 Rc8 33. Kf4 h6 34. h4 Rc6 35.
g4 Ke7 36. Re5+ Kd7 37. h5 g5+ 38. Kf5 Be6+ 39. Kf6 Bxg4+ 40. Kg7 Bxh5 41. Rd5+ Ke7 42. Kh7 Bg6 43. Kxh6 Bxe4+ 44. Rd6 Rxc5 45. Rd1 Kf6 46. Rg1 Rc8 47. Kh5 Bf3+ 48. Kh6 0-1



[ePGN "0.1;DGT LiveChess/2.2.6"]

[Event "MČR juniorů a juniorek v rapid šachu 2024"]
[Site "Hotel Fit Fun, Harrachov, Czech Republic"]
[Date "2024.09.21"]
[Round "3.28"]
[White "Musil Tomas"]
[Black "Dorazilova Kristyna"]
[Result "0-1"]
[TimeControl "20+5"]
[WhiteFideId "23762888"]
[BlackFideId "23739142"]
[WhiteElo "1519"]
[BlackElo "1771"]

1. e4 d6 2. Nf3 Nf6 3.
Nc3 Nbd7 4. d4 e5 5.
dxe5 Nxe5 6. Nxe5 dxe5 7. Qxd8+ Kxd8 8. Bg5 c6 9. Bc4 Be6 10. O-O-O+ Kc7 11. Bxe6 fxe6 12. Bxf6 gxf6 13. Rd2 Bh6 14. Rhd1 Rad8 15. g3 Rxd2 16. Rxd2 Bxd2+ 17. Kxd2 Rd8+ 18. Ke3 Kd6 19. b4 Ke7 20. Na4 Rd4 21. c3 Rd1 22. Nc5 b6 23.
Nd3 Ra1 24. f4 exf4+ 25. Nxf4 Rxa2 26. h3 Ra3 27. Kd3 b5 28. Ne2 e5 29. g4 Ra1 30. h4 Rh1 31. h5 Rh3+ 32. Kd2 Rh4 33. Ng3 Rxg4 34. Nf5+ Ke6 35.
Ke3 Rg5 36. Kf3 Rxf5+ 37. exf5+ Kxf5 0-1



[ePGN "0.1;DGT LiveChess/2.2.6"]

[Event "MČR juniorů a juniorek v rapid šachu 2024"]
[Site "Hotel Fit Fun, Harrachov, Czech Republic"]
[Date "2024.09.21"]
[Round "3.29"]
[White "Tichy Richard"]
[Black "Nespora Tatana"]
[Result "0-1"]
[TimeControl "20+5"]
[WhiteFideId "23727063"]
[BlackFideId "392286"]
[WhiteElo "1698"]
[BlackElo "1697"]

1. Nf3 g6 2. d4 Bg7 3. g3 Nf6 4. c4 d6 5. Nc3 O-O 6. Bg2 c6 7. e4 e5 8. d5 cxd5 9. cxd5 a5 10.
O-O Na6 11. Nb5 Nxe4 12. Qe2 f5 13. h4 Nac5 14. Ng5 Nf6 15. Qc4 Qe7 16. Rd1 Bd7 17. Nc7 Rac8 18. Nge6 Bxe6 19. Nxe6 Nxe6 20.
Qb3 Nc5 21. Qb5 Nfe4 22. Qxa5 f4 23. Qb4 fxg3 24. Bxe4 Qxh4 25. fxg3 Qxg3+ 26. Kh1 Rf2 0-1



[ePGN "0.1;DGT LiveChess/2.2.6"]

[Event "MČR juniorů a juniorek v rapid šachu 2024"]
[Site "Hotel Fit Fun, Harrachov, Czech Republic"]
[Date "2024.09.21"]
[Round "3.3"]
[White "Skypala Ondrej"]
[Black "Husa Daniel"]
[Result "1-0"]
[TimeControl "20+5"]
[WhiteFideId "366285"]
[BlackFideId "393487"]
[WhiteElo "2033"]
[BlackElo "1866"]

1. c4 c5 2. g3 g6 3. Bg2 Bg7 4. Nf3 Nf6 5. Nc3 O-O 6. d4 d5 7. dxc5 dxc4 8. Qxd8 Rxd8 9. Ne5 Nbd7 10. Nxc4 Nxc5 11. Be3 Ne6 12.
h3 Nd4 13. O-O-O Ne8 14. Na5 Rb8 15. Rd2 b6 16. Bxd4 bxa5 17. Rhd1 Bxd4 18. Rxd4 Rxd4 19. Rxd4 Bb7 20. Bxb7 Rxb7 21. Ra4 Nd6 22. Rxa5 Nc4 23.
Rb5 Rc7 24. b3 Nd6 25. Rb8+ Kg7 26. Kb2 h5 27. Rd8 Nf5 28. b4 e5 29. e3 h4 30. g4 Ne7 31. b5 Rb7 32. a4 Kf6 33.
Ne4+ Kg7 34. Nd6 Rb6 35. a5 1-0



[ePGN "0.1;DGT LiveChess/2.2.6"]

[Event "MČR juniorů a juniorek v rapid šachu 2024"]
[Site "Hotel Fit Fun, Harrachov, Czech Republic"]
[Date "2024.09.21"]
[Round "3.30"]
[White "Hudik Martin"]
[Black "Kopecka Libuse"]
[Result "1-0"]
[TimeControl "20+5"]
[WhiteFideId "23769947"]
[BlackFideId "23748826"]
[WhiteElo "1572"]
[BlackElo "1496"]

1. e4 c5 2. Nf3 Nc6 3. d4 cxd4 4. Nxd4 d6 5. Nc3 g6 6. Be3 Bg7 7. Bc4 Nf6 8.
O-O O-O 9. h3 Qa5 10. Qe2 Qc7 11. Rad1 a6 12. a4 Re8 13. f4 b6 14. f5 Ne5 15. Bd5 Bb7 16. Bxb7 Qxb7 17. Bf4 Ned7 18.
fxg6 fxg6 19. Ne6 Nc5 20. Nxg7 Kxg7 21. e5 dxe5 22. Bxe5 Ncd7 23. g4 Nxe5 24.
Qxe5 Qb8 25. Qe3 Rd8 26. g5 Rxd1 27. gxf6+ exf6 28. Rxd1 b5 29. axb5 axb5 30. Rd7+ Kg8 31. Qe6+ Kf8 32.
Qf7# 1-0



[ePGN "0.1;DGT LiveChess/2.2.6"]

[Event "MČR juniorů a juniorek v rapid šachu 2024"]
[Site "Hotel Fit Fun, Harrachov, Czech Republic"]
[Date "2024.09.21"]
[Round "3.31"]
[White "Dufkova Tereza"]
[Black "Housa Jan"]
[Result "0-1"]
[TimeControl "20+5"]
[WhiteFideId "23744383"]
[BlackFideId "23736356"]
[WhiteElo "1601"]
[BlackElo "1788"]

1. e4 c6 2. d4 d5 3. f3 dxe4 4.
fxe4 e5 5. c3 Nf6 6. Bd3 Bd6 7. Nf3 Bg4 8. Bg5 Nbd7 9. Nbd2 Qc7 10. Qc2 O-O-O 11. h3 Bxf3 12. Nxf3 exd4 13. cxd4 Bg3+ 14. Ke2 h6 15. Bxf6 Nxf6 16.
b4 Rhe8 17. e5 Rxd4 18. Nxd4 Qxe5+ 19. Kd2 Qxd4 20. Rhf1 Ne4+ 21. Ke2 Nc3+ 22. Kd2 Re2+ 23. Kc1 Rxc2+ 24. Kxc2 f6 25. Rf3 Nd5 26.
Rd1 Qc3+ 27. Kb1 Qxb4+ 28. Kc1 Bf4+ 0-1



[ePGN "0.1;DGT LiveChess/2.2.6"]

[Event "MČR juniorů a juniorek v rapid šachu 2024"]
[Site "Hotel Fit Fun, Harrachov, Czech Republic"]
[Date "2024.09.21"]
[Round "3.32"]
[White "Fousek Petr"]
[Black "Macova Marketa"]
[Result "1-0"]
[TimeControl "20+5"]
[WhiteFideId "23736003"]
[BlackFideId "23715588"]
[WhiteElo "1731"]
[BlackElo "1587"]

1. e4 e5 2. f4 exf4 3. Nf3 Bc5 4. d4 Bb6 5. Bc4 d6 6. Bxf4 Bg4 7. O-O Nc6 8. c3 Qd7 9. Nbd2 Nge7 10.
Bg3 f5 11. exf5 Nxf5 12. Qe2+ Nce7 13. Rae1 d5 14. Bd3 Nxg3 15. hxg3 c6 16. Qe3 Bc7 17. Ne5 Bxe5 18. Qxe5 Rf8 19.
Qxg7 Rxf1+ 20. Nxf1 Be6 21. Qh8+ Bg8 22. Qxg8# 1-0



[ePGN "0.1;DGT LiveChess/2.2.6"]

[Event "MČR juniorů a juniorek v rapid šachu 2024"]
[Site "Hotel Fit Fun, Harrachov, Czech Republic"]
[Date "2024.09.21"]
[Round "3.33"]
[White "Vratil Tomas"]
[Black "Taborska Aneta"]
[Result "1-0"]
[TimeControl "20+5"]
[WhiteFideId "23756870"]
[BlackFideId "23733039"]
[WhiteElo "1671"]
[BlackElo "1582"]

1. e4 d5 2. exd5 Qxd5 3.
Nc3 Qa5 4. d4 Nf6 5. Nf3 Bg4 6. Be2 Nc6 7. O-O O-O-O 8. Be3 e5 9. d5 Nxd5 10. Nxd5 Rxd5 11. Qe1 Nb4 12. Qc3 e4 13.
Bc4 exf3 14. Bxd5 Qxd5 15. Rad1 Qh5 16. Rfe1 Bd6 17. Rxd6 fxg2 18. Bf4 Nc6 19. Rxc6 bxc6 20. Qxc6 Qa5 21.
Re7 1-0



[ePGN "0.1;DGT LiveChess/2.2.6"]